 Dungeon Crawl Stone Soup version 0.31.0-11-ge490571c62 (webtiles) character file.

Game seed: 7870528331660523183

219 qw the Shooter (level 5, 0/26 HPs)
             Began as a Spriggan Hunter on Feb 3, 2024.
             Slain by a jackal (1 damage)
             ... on level 4 of the Dungeon.
             The game lasted 00:00:08 (2084 turns).

qw the Shooter (Spriggan Hunter)                    Turns: 2084, Time: 00:00:09

Health: 0/26       AC:  2    Str:  7    XL:     5   Next: 64%
Magic:  6/6        EV: 20    Int: 11    God:
Gold:   151        SH:  0    Dex: 20    Spells: 4/4 levels left

rFire   . . .        a - +0 shortbow
rCold   . . .        (shield currently unavailable)
rNeg    . . .        c - +0 robe
rPois   .            (helmet restricted)
rElec   .            (no cloak)
rCorr   .            (gloves unavailable)
SInv    +            (boots unavailable)
Will    .....        (no amulet)
Stlth   ++           (no ring)
HPRegen 0.24/turn    (no ring)
MPRegen 0.10/turn

%: no passive effects
@: very quick
A: very small, no large weapons, unfitting armour, see invisible, speed 3
a: no special abilities


You were on level 4 of the Dungeon.
You visited 1 branch of the dungeon, and saw 4 of its levels.

You collected 151 gold pieces.


Innate Abilities, Weirdness & Mutations

You are very small and have problems with some larger weapons.
You are too small for most types of armour.
You have supernaturally acute eyesight. (SInv)
You cover ground extremely quickly. (Speed+++)


   Skills:
 - Level 2.2 Fighting
 + Level 5.6 Ranged Weapons
 - Level 5.2 Dodging
 - Level 1.5 Stealth


You had 4 spell levels left.
You didn't know any spells.
Your spell library was empty.

Inventory:

Hand Weapons
 a - a +0 shortbow (weapon)
Armour
 c - a +0 robe (worn)
Wands
 e - a wand of flame (13)
Potions
 b - a potion of curing
 f - a potion of enlightenment
 g - a potion of degeneration {unknown}
 h - a potion of attraction {unknown}

Dungeon Overview and Level Annotations

Branches:
Dungeon (4/15)
 Temple: D:4-7

Altars:
Hepliaklqana
Makhleb


Message History

You shoot an arrow. The arrow barely misses the jackal.
The jackal completely misses you. The jackal misses you.
The jackal closely misses you. x2
You shoot an arrow. The arrow barely misses the jackal.
The jackal completely misses you. The jackal closely misses you.
You shoot an arrow.
The arrow hits the jackal but does no damage.
The jackal bites you. The jackal closely misses you.
The jackal completely misses you. The jackal misses you.
You shoot an arrow. The arrow hits the jackal!
You kill the jackal!
The jackal closely misses you.
You shoot an arrow. The arrow hits the orc wizard.
The orc wizard is moderately wounded.
The jackal closely misses you. The orc wizard completely misses you.
The jackal completely misses you.
The orc wizard hits you with a +0 dagger.
You shoot an arrow.
The arrow hits the orc wizard but does no damage.
The orc wizard is moderately wounded.
The jackal closely misses you. The orc wizard casts a spell at you.
The puff of flame misses you.
You shoot an arrow. The arrow hits the orc wizard.
The orc wizard is heavily wounded.
The jackal misses you. The jackal completely misses you.
The orc wizard misses you.
You shoot an arrow. The arrow hits the orc wizard.
The orc wizard is severely wounded.
The jackal closely misses you.
The orc wizard hits you with a +0 dagger.
You shoot an arrow. The arrow hits the orc wizard.
The orc wizard is almost dead.
The jackal completely misses you. The jackal bites you.
The orc wizard casts a spell at you. The puff of flame misses you.
You shoot an arrow. The arrow hits the orc wizard.
You kill the orc wizard!
The jackal bites you.
You die...

############
...........# #........
..##..####.## #.#.#.#..
..##....#...# .......#
.))..##.###.# #...#.. #
.####.......# ...#%#...
.# ##.###..## #...#....
.##...###..#####h)......
..)....##.......@.).....
......)###.#..........##
...........#.......#....
........#..........# ##.
.................>...
####...)....##........
........##.##7P...#
..........# ~...#


You could see a jackal.

Vanquished Creatures
  2 orc priests (D:4)
  Natasha (D:4)
  2 orc wizards
  4 adders (D:2)
  3 ribbon worms
  2 dart slugs (D:1)
  3 orcs (D:3)
  4 bats
  5 endoplasms
  3 giant cockroaches
  3 goblins
  4 hobgoblins (D:1)
  3 jackals (D:4)
  5 kobolds
  3 quokkas
  5 ball pythons
  4 frilled lizards
  9 rats
65 creatures vanquished.

Notes
Turn   | Place    | Note
-------+----------+-------------------------------------------
     0 | D:1      | qw the Spriggan Hunter began the quest for the Orb.
     0 | D:1      | Reached XP level 1. HP: 10/10 MP: 2/2
     0 | D:1      | 0 ||| qw: Version: 0.3-a-157-g843a77d
     0 | D:1      | 0 ||| qw: Game counter: 3876
     0 | D:1      | 0 ||| qw: Melee chars always use a shield: true
     0 | D:1      | 0 ||| qw: God list: Okawaru
     0 | D:1      | 0 ||| qw: Allow faded altars: false
     0 | D:1      | 0 ||| qw: Do Orc after clearing Dungeon:15 true
     0 | D:1      | 0 ||| qw: Do second Lair branch before Depths: true
     0 | D:1      | 0 ||| qw: Lair rune preference: random
     0 | D:1      | 0 ||| qw: Goals: Normal
     0 | D:1      | 0 ||| PLANNING D:1-11
    44 | D:1      | Reached skill level 3 in Dodging
   102 | D:1      | Reached XP level 2. HP: 11/14 MP: 3/3
   123 | D:1      | Found a faded altar of an unknown god.
   501 | D:1      | Reached XP level 3. HP: 11/18 MP: 4/4
   719 | D:1      | 719 ||| READING scroll labelled RAR UXZINGIASU.
   720 | D:1      | 720 ||| READING scroll labelled ZATOHI HO ZEKH.
   720 | D:1      | 720 ||| IDENTIFYING fizzy pink potion
   721 | D:1      | 721 ||| DROPPING scroll of butterflies.
   722 | D:1      | 722 ||| DROPPING potion of berserk rage.
   939 | D:2      | Reached XP level 4. HP: 12/22 MP: 5/5
  1424 | D:2      | 1424 ||| READING 3 scrolls of identify.
  1424 | D:2      | 1424 ||| IDENTIFYING 2 fizzy emerald potions
  1425 | D:2      | 1425 ||| READING 2 scrolls of identify.
  1425 | D:2      | 1425 ||| IDENTIFYING scroll labelled EKINYU EQOPOU
  1426 | D:2      | 1426 ||| DROPPING 2 potions of brilliance.
  1427 | D:2      | 1427 ||| DROPPING scroll of poison.
  1547 | D:3      | HP: 4/22 [orc/+0 mace (6)]
  1669 | D:3      | Found a burning altar of Makhleb.
  1669 | D:3      | Noticed an Executioner
  1816 | D:3      | Found a hazy altar of Hepliaklqana.
  1903 | D:3      | 1903 ||| READING 2 scrolls of identify.
  1903 | D:3      | 1903 ||| IDENTIFYING amethyst potion
  1904 | D:3      | 1904 ||| READING scroll of identify.
  1904 | D:3      | 1904 ||| IDENTIFYING black potion
  1905 | D:3      | 1905 ||| READING scroll labelled SATOHE SOUK.
  1905 | D:3      | 1905 ||| ENCHANTING +0 shortbow.
  1951 | D:4      | Reached XP level 5. HP: 26/26 MP: 6/6
  1954 | D:4      | HP: 6/26 [orc priest/+0 mace (5)]
  2064 | D:4      | Noticed Natasha
  2074 | D:4      | Killed Natasha
  2077 | D:4      | HP: 6/26 [jackal (2)]
  2082 | D:4      | HP: 2/26 [orc wizard/+0 dagger (2)]
  2084 | D:4      | Slain by a jackal

Levels and vault maps discovered:
D:1:      sevenhm_arrival_forest_fort_large_1, layout_basic,
          hellmonk_ecumenical_altar_leap_of_faith
D:2:      layout_loops_cross, amethyst_killhole, kennysheep_flooded_box,
          minmay_splitting_lines
D:3:      layout_basic, makhleb_altar_promises_db, marbit_many_paths,
          serial_bayou_pond_a
D:4:      layout_basic, mainiacjoe_overflow_six_doors_small,
          serial_bayou_ford_a, hangedman_decor_opposing, uniq_natasha

Skill      XL: |  1  2  3  4 |
---------------+-------------+-----
Dodging        | 3 4 5 |  5.2
Ranged Weapons | 5 |  5.6
Fighting       | 2 |  2.2
Stealth        | |  1.5

Action                     |  1- 3 |  4- 6 || total
---------------------------+-------+-------++-------
   Fire: Shortbow          |    88 |    88 ||   176
    Use: Scroll            |     2 |     5 ||     7
 Armour: Robe              |    14 |    21 ||    35
  Dodge: Dodged            |    25 |    59 ||    84

Table legend:
 A = Non-vault XP
 B = Vault XP
 C = Vault XP percentage of total XP
 D = Non-vault monster count
 E = Vault monster count
 F = Vault count percentage of total count
                 A         B        C        D         E       F
            +---------+---------+-------+---------+---------+-------
      Total |     309 |      40 |  11.5 |      60 |       5 |   7.7
            +---------+---------+-------+---------+---------+-------
        D:1 |      44 |       4 |   8.3 |      25 |       3 |  10.7
        D:2 |      68 |       0 |   0.0 |      11 |       0 |   0.0
        D:3 |      68 |       1 |   1.4 |      15 |       1 |   6.2
        D:4 |     129 |      35 |  21.3 |       9 |       1 |  10.0
            +---------+---------+-------+---------+---------+-------
